Map: King Sejong Station LE

Players

Hanta

  • Race: Protoss Protoss
  • League: Gold
  • Spawn Location: 11:00

Amix - Winner!

  • Race: Zerg Zerg
  • League: Platinum
  • Spawn Location: 5:00

VOD

Have the link to the VOD?

Description

Time

  • Played on: Nov. 12, 2016, 1:58 a.m.
  • Length: 13:06
Show
View Real Time Build Order
Export as new Build Order

Hanta Protoss 

Build Orders:  

Get SALT Encoding   

  12  0:02  Probe (Chrono Boost)  
  13  0:18  Probe (Chrono Boost)  
  14  0:25  Pylon  
  14  0:43  Pylon  
  14  0:46  Probe (Chrono Boost)  
  15  0:53  Assimilator  
  15  0:57  Probe (Chrono Boost)  
  16  1:02  Gateway  
  16  1:09  Gateway  
  16  1:14  Probe (Chrono Boost)  
  17  1:26  Gateway  
  17  1:38  Probe (Chrono Boost)  
  18  1:50  Zealot (Chrono Boost)  
  18  1:52  Probe  
  23  2:04  Zealot (Chrono Boost), Probe  
  24  2:11  Pylon  
  26  2:16  Zealot (Chrono Boost)  
  26  2:17  Zealot (Chrono Boost)  
  26  2:21  Probe  
  31  2:33  Zealot (Chrono Boost)  
  31  2:37  Probe  
  32  2:41  Zealot (Chrono Boost)  
  34  2:48  Zealot (Chrono Boost)  
  34  2:49  Pylon  
  36  3:03  Cybernetics Core  
  36  3:05  Probe  
  37  3:11  Assimilator  
  41  3:20  Zealot (Chrono Boost)  
  41  3:23  Zealot (Chrono Boost)  
  35  3:51  Zealot (Chrono Boost)  
  35  3:55  Zealot x2 (Chrono Boost)  
  31  4:14  Zealot (Chrono Boost)  
  31  4:22  Stalker (Chrono Boost)  
  29  4:47  Pylon  
  29  5:10  Pylon  
  27  5:27  Pylon  
  27  5:29  Pylon  
  26  5:45  Mothership Core  
  26  5:46  Forge  
  28  5:57  Pylon  
  26  5:59  Pylon  
  26  6:08  Gateway  
  26  6:14  Gateway  
  26  6:23  Nexus  
  26  6:47  Cybernetics Core  
  26  6:54  Photon Cannon  
  26  6:57  Photon Cannon  
  26  7:00  Assimilator  
  24  7:02  Probe  
  24  7:06  Assimilator  
  25  7:13  Zealot (Chrono Boost)  
  27  7:33  Probe  
  27  7:34  Pylon  
  28  7:43  Stalker (Chrono Boost), Probe  
  30  7:44  Probe  
  30  7:46  Protoss Ground Weapons Level 1  
  32  7:54  Probe  
  32  7:55  Stargate  
  33  8:05  Probe  
  33  8:10  Pylon  
  34  8:13  Warp Gate  
  34  8:15  Probe  
  37  8:22  Stalker (Chrono Boost)  
  37  8:26  Probe  
  37  8:29  Twilight Council  
  37  8:31  Robotics Facility  
  38  8:37  Probe  
  39  8:47  Stalker (Chrono Boost), Probe  
  41  8:49  Void Ray  
  48  8:57  Sentry (Chrono Boost)  
  48  8:58  Probe  
  49  9:08  Probe  
  49  9:12  Probe  
  51  9:32  Probe  
  51  9:37  Void Ray  
  56  9:42  Probe, Observer (Chrono Boost)  
  58  9:46  Dark Shrine, Protoss Ground Weapons Level 2  
  58  9:47  Probe  
  59  9:53  Probe, Pylon  
  60  10:19  Stargate  
  60  10:20  Void Ray  
  64  10:24  Stalker  
  64  10:25  Stalker  
  68  10:43  Nexus  
  68  10:51  Pylon  
  68  10:52  Pylon  
  68  10:54  Pylon  
  68  10:57  Stalker  
  68  10:59  Stalker  
  72  11:05  Void Ray  
  76  11:20  Gateway  
  76  11:23  Gateway  
  76  11:34  Assimilator  
  76  11:39  Assimilator  
  62  11:59  Mothership Core  
  52  12:08  Dark Templar  
  52  12:09  Dark Templar  
  52  12:14  Pylon  
  29  12:42  Dark Templar  
  29  12:43  Dark Templar  
Show
View Real Time Build Order
Export as new Build Order

Amix Zerg - Winner!

Build Orders: Hatch First 

Get SALT Encoding   

  12  0:01  Drone  
  13  0:10  Drone  
  14  0:16  Overlord  
  14  0:29  Extractor  
  14  0:30  Drone  
  14  0:35  Drone x2  
  17  0:56  Hatchery  
  16  0:57  Drone  
  17  1:06  Drone, Extractor  
  17  1:18  Spawning Pool  
  17  1:20  Drone  
  17  1:33  Drone x2  
  17  1:39  Drone  
  20  1:51  Drone  
  21  2:00  Drone  
  22  2:08  Queen  
  22  2:09  Queen  
  22  2:10  Drone  
  22  2:12  Zergling x2  
  28  2:23  Overlord x2  
  28  2:37  Metabolic Boost  
  28  2:38  Roach Warren  
  28  2:42  Extractor  
  26  2:44  Queen  
  28  3:03  Zergling x10  
  28  3:04  Zergling x2  
  28  3:34  Roach x2  
  28  3:35  Roach x5  
  33  4:02  Roach x3  
  39  4:16  Drone x2  
  42  4:17  Drone x2  
  41  4:57  Roach  
  41  5:11  Drone x3  
  44  5:24  Overlord x5  
  44  5:42  Queen x2  
  48  5:44  Spine Crawler x2  
  48  5:45  Drone x3  
  49  5:51  Drone  
  49  5:56  Roach  
  52  6:05  Roach  
  54  6:15  Drone x2  
  56  6:29  Drone x2  
  56  6:30  Drone x2  
  56  6:32  Extractor  
  59  6:33  Lair, Extractor  
  58  6:40  Roach  
  58  6:41  Roach  
  62  6:52  Pneumatized Carapace  
  62  6:53  Evolution Chamber  
  61  6:56  Evolution Chamber  
  61  6:57  Drone x2  
  61  6:58  Drone x3  
  65  7:07  Drone x4  
  69  7:14  Hatchery  
  68  7:16  Roach x2  
  68  7:22  Hatchery  
  71  7:27  Zerg Ground Armor Level 1, Zerg Missile Weapons Level 1  
  71  7:34  Drone x3  
  74  7:47  Drone x3  
  77  7:56  Glial Reconstitution  
  77  8:04  Roach x2  
  81  8:08  Spore Crawler, Overseer  
  81  8:10  Overseer  
  81  8:12  Roach x2  
  84  8:14  Overlord x4  
  84  8:30  Drone x4  
  84  8:33  Queen  
  90  8:39  Drone x4  
  90  8:40  Drone  
  95  8:44  Spore Crawler  
  94  8:51  Drone x3  
  94  8:52  Drone x4  
  101  9:01  Spore Crawler  
  100  9:10  Queen  
  100  9:13  Queen  
  100  9:15  Drone x5  
  100  9:16  Drone x2  
  111  9:29  Zerg Ground Armor Level 2, Zerg Missile Weapons Level 2  
  111  9:41  Drone x4, Extractor  
  111  9:42  Drone x5  
  111  9:43  Extractor  
  118  9:46  Spine Crawler  
  118  9:48  Spine Crawler  
  116  9:56  Roach x6  
  128  10:03  Hydralisk Den, Overlord  
  128  10:04  Overlord  
  127  10:37  Hydralisk x5  
  127  10:38  Hydralisk x3  
  127  10:40  Overlord  
  127  10:41  Overlord x6  
  143  10:50  Muscular Augments  
  143  11:19  Hydralisk x5  
  143  11:20  Hydralisk x10  
  143  11:21  Hydralisk  
  163  12:04  Hydralisk x5  
  163  12:05  Hydralisk x5  
Tags
 
Add a new tag
Caveats
  • Supply blocks, unpowered buildings, or Contaminate may cause inaccurate times.
  • Supply counts are checked every 10 seconds.